 Dungeon Crawl Stone Soup version 0.27-a0-1202-ge72e49191c (webtiles) character file.

Game seed: 10110433046632686984

2876 bilbop the Basher (level 9, 0/79 HPs)
             Began as a Minotaur Fighter on June 4, 2021.
             Was an Initiate of Trog.
             Killed from afar by an electric eel (3 damage)
             ... with a bolt of electricity
             ... on level 7 of the Dungeon.
             The game lasted 00:31:43 (7245 turns).

bilbop the Basher (Minotaur Fighter)                Turns: 7245, Time: 00:31:44

Health: 0/79       AC: 15    Str: 22    XL:     9   Next: 48%
Magic:  9/9        EV:  6    Int:  5    God:    Trog [......]
Gold:   297        SH: 11    Dex: 12    Spells: 8/8 levels left

rFire    . . .     SeeInvis .   a - +4 whip
rCold    . . .     Faith    .   c - +0 kite shield
rNeg     . . .     Spirit   .   H - +0 chain mail
rPois    +         Reflect  .   (helmet restricted)
rElec    .         Harm     .   A - +0 cloak
rCorr    .         Rampage  .   (no gloves)
Will     .....                  g - +2 pair of boots
Stlth    ..........             (no amulet)
HPRegen  0.23/turn              r - ring of poison resistance
MPRegen  0.11/turn              j - +4 ring of slaying

@: no status effects
A: horns 2, retaliatory headbutt
a: Renounce Religion


You were on level 7 of the Dungeon.
You worshipped Trog.
Trog was noncommittal.
You visited 2 branches of the dungeon, and saw 8 of its levels.
You also visited: Sewer.

You collected 297 gold pieces.

Inventory:

Hand Weapons
 a - a +4 whip (weapon)
 b - a +0 hunting sling
 e - a +0 flail
 I - a +0 whip of flaming
Missiles
 m - 8 atropa-tipped darts (quivered)
 q - 64 sling bullets
Armour
 c - a +0 kite shield (worn)
 f - +0 steam dragon scales
 g - a +2 pair of boots (worn)
 p - a +0 scale mail
 A - a +0 cloak (worn)
 H - a +0 chain mail (worn)
Jewellery
 j - a +4 ring of slaying (right hand)
 r - a ring of poison resistance (left hand)
Wands
 s - a wand of flame (14)
 y - a wand of mindburst (12)
 D - a wand of iceblast (6)
Scrolls
 h - 3 scrolls of magic mapping
 i - 2 scrolls of fear
 l - a scroll of noise {unknown}
 n - a scroll of silence {unknown}
 t - 2 scrolls of blinking
 w - 2 scrolls of teleportation {unknown}
 E - a scroll of immolation {unknown}
Potions
 d - 3 potions of might
 k - a potion of haste {unknown}
 o - a potion of mutation {unknown}
 u - 2 potions of lignification {unknown}
 v - 2 potions of attraction {unknown}
 x - a potion of degeneration {unknown}
 z - 3 potions of heal wounds {unknown}
 B - a potion of ambrosia {unknown}
 C - 2 potions of berserk rage {unknown}
 F - 4 potions of curing {unknown}
 G - a potion of magic {unknown}


   Skills:
 + Level 7.4 Fighting
 * Level 9.5 Maces & Flails
 + Level 5.2 Slings
 + Level 7.3 Armour
 + Level 7.3 Shields
 + Level 1.6 Invocations


You had 8 spell levels left.
You didn't know any spells.
Your spell library was empty.

Dungeon Overview and Level Annotations

Branches:
Dungeon (7/15)             Temple (1/1) D:6           Sewer (visited)

Altars:
Ashenzari
Cheibriados
Elyvilon
Fedhas
Gozag
Hepliaklqana
Kikubaaqudgha
Makhleb
Nemelex Xobeh
Okawaru
Qazlal
Ru
Sif Muna
Trog
Uskayaw
Vehumet
Wu Jian
Xom


Innate Abilities, Weirdness & Mutations

You have a pair of horns on your head.
You reflexively headbutt those who attack you in melee.


Message History

You easily resist.
The electric eel shoots out a bolt of lightning at you!
The bolt of electricity hits you.
You whack the orc wizard!
You kill the orc wizard!
Trog accepts your kill.
Trog appreciates your killing of a magic user.
The wight zaps a wand.
The puff of flame hits you but does no damage.
The electric eel shoots out a bolt of lightning at you!
The bolt of electricity hits the orc!
The orc dies!
The bolt of electricity hits you. The bolt of electricity hits you!
You hit the hound. Your headbutt misses the hound.
The hound is lightly wounded.
You block the hound's attack. The hound bites you but does no damage.
You closely miss the hound. You headbutt the hound!
The hound is severely wounded.
The hound bites you but does no damage.
You hit the hound. Your headbutt misses the hound.
The hound is almost dead.
You block the hound's attack.
You closely miss the hound. Your headbutt misses the hound.
The hound is almost dead.
You block the hound's attack. The hound bites you but does no damage.
You whack the hound!
You kill the hound!
Trog accepts your kill.
The electric eel shoots out a bolt of lightning at you!
The bolt of electricity hits you! The bolt of electricity misses you.
The electric eel shoots out a bolt of lightning at you!
The bolt of electricity hits you! x2
* * * LOW HITPOINT WARNING * * *
The electric eel shoots out a bolt of lightning at you!
The bolt of electricity hits you!
* * * LOW HITPOINT WARNING * * *
The electric eel shoots out a bolt of lightning at you!
The bolt of electricity hits the plant.
The plant begins to die.
The bolt of electricity hits you.
You die... #PPP♣

≈≈≈PP#.# P.PP♣♣≈≈≈P#.# #.
###≈P♣≈♣≈≈PP.# .. ##
###P≈PP♣≈≈≈P≈.###. ..
#P.≈.≈≈♣≈≈.;P.#.#. .# ##
#.PP≈≈≈♣PP≈P..##..#
.##.##PP≈≈♣≈P≈≈P.#..##..##
.#...#.≈PPPP.≈..@..###...##
......P≈P≈P.......+.......#
.#...#PPP≈.......[####)..##
.##.## #.......## .........
.#####..###.....##
#z#)##..#.# .......#
##...## ..Z♣). ..# .#####.#
##'## #♣≈ ≈;.


PP.. ..## #.# .P ≈≈≈≈ ≈... #..# #.# ♣≈ ≈≈≈≈≈ .≈♣. You could see an electric eel.

Vanquished Creatures
  Pikel (D:7)
  Maggie (D:7)
  Grinder (D:6)
  A hornet (D:7)
  A wyvern (D:7)
  Eustachio (D:4)
  A water moccasin (Sewer)
  An ice beast (D:4)
  3 black bears
  2 ogres
  A kobold brigand (D:5)
  A scorpion (D:4)
  A water moccasin skeleton (D:5)
  A howler monkey (D:7)
  3 wights (D:7)
  A hound (D:7)
  2 bullfrog zombies (D:5)
  2 orc priests
  2 bullfrog skeletons (D:7)
  2 iguanas
  2 orc wizards (D:7)
  A killer bee zombie (D:6)
  A hound zombie (D:5)
  A hound skeleton (D:4)
  Robin (D:2)
  2 adders
  2 gnolls (D:4)
  A shadow imp (D:7)
  2 white imps
  An ufetubus (D:3)
  An adder skeleton (D:3)
  A worm (D:2)
  A dart slug (D:2)
  8 orcs
  6 ball pythons
  6 endoplasms
  3 giant cockroaches
  13 goblins
  9 hobgoblins
  4 jackals (D:1)
  5 quokkas
  9 bats
  12 kobolds
  5 rats
126 creatures vanquished.

Vanquished Creatures (others)
  2 orcs (D:7)
  2 plants (D:7)
4 creatures vanquished.

Grand Total: 130 creatures vanquished

Notes
Turn   | Place    | Note
-------+----------+-------------------------------------------
     0 | D:1      | bilbop the Minotaur Fighter began the quest for the Orb.
     0 | D:1      | Reached XP level 1. HP: 19/19 MP: 0/0
   330 | D:1      | Reached XP level 2. HP: 27/27 MP: 1/1
   472 | D:1      | Reached skill level 3 in Maces & Flails
   708 | D:1      | Found a faded altar of an unknown god.
   888 | D:2      | Reached XP level 3. HP: 33/33 MP: 2/2
   948 | D:2      | Noticed Robin
   970 | D:2      | Killed Robin
  1430 | D:2      | Reached XP level 4. HP: 40/40 MP: 3/3
  2037 | D:3      | Found a radiant altar of Vehumet.
  2277 | D:3      | Reached skill level 4 in Maces & Flails
  2671 | D:4      | Noticed an ice beast
  2690 | D:4      | Killed an ice beast
  2691 | D:4      | Reached skill level 1 in Slings
  2691 | D:4      | Reached XP level 5. HP: 33/47 MP: 4/4
  2789 | D:4      | Noticed Eustachio
  2847 | D:4      | Killed Eustachio
  2848 | D:4      | Reached skill level 5 in Maces & Flails
  2848 | D:4      | Reached XP level 6. HP: 41/55 MP: 5/5
  3187 | D:4      | Reached skill level 5 in Fighting
  3258 | D:4      | Reached skill level 5 in Armour
  3457 | D:5      | Entered Level 5 of the Dungeon
  3465 | D:5      | Reached skill level 5 in Shields
  3467 | D:5      | Found a glowing drain.
  3491 | Sewer    | Entered a sewer
  3529 | Sewer    | Noticed a water moccasin
  3549 | Sewer    | Killed a water moccasin
  3550 | Sewer    | Reached XP level 7. HP: 37/61 MP: 6/6
  3910 | D:5      | Reached skill level 6 in Maces & Flails
  4713 | D:5      | Reached skill level 7 in Maces & Flails
  4713 | D:5      | Reached XP level 8. HP: 53/70 MP: 7/7
  5031 | D:6      | Noticed Grinder
  5034 | D:6      | Paralysed by Grinder for 2 turns
  5063 | D:6      | Killed Grinder
  5476 | D:6      | Found a staircase to the Ecumenical Temple.
  5496 | Temple   | Entered the Ecumenical Temple
  5696 | Temple   | Became a worshipper of Trog the Wrathful
  6370 | D:7      | Noticed Pikel
  6385 | D:7      | Killed Pikel
  6386 | D:7      | Reached skill level 8 in Maces & Flails
  6524 | D:7      | Reached XP level 9. HP: 61/78 MP: 8/8
  6864 | D:7      | Reached skill level 9 in Maces & Flails
  6951 | D:7      | Reached skill level 1 in Invocations
  7044 | D:7      | Reached skill level 5 in Slings
  7116 | D:7      | Noticed Maggie
  7126 | D:7      | Killed Maggie
  7201 | D:7      | Found a hazy altar of Hepliaklqana.
  7244 | D:7      | HP: 3/79 [electric eel/bolt of electricity (10)]
  7245 | D:7      | Killed from afar by an electric eel

Illustrated notes

Levels and vault maps discovered:
D:1:      dpeg_arrival_tiny_c, layout_loops_cross,
          hellmonk_ecumenical_altar_leap_of_faith
D:2:      layout_basic, minmay_split_cup_small, uniq_robin
D:3:      layout_basic, vehumet_altar_wand_db, minmay_misc_feat_columns,
          kennysheep_boxes
D:4:      layout_basic, uniq_eustachio
D:5:      layout_basic, portal_sewer_entry_a, minivault_19, minmay_holes
D:6:      layout_layer_cave, minmay_temple_entry_large_hall, uniq_grinder
D:7:      layout_loops_corners, lemuel_crystal_altar, serial_bayou,
          serial_bayou_pond_d, serial_bayou_lagoon_a, serial_bayou_pond_a,
          serial_bayou_pond_b, st_stairs_14, uniq_maggie, uniq_pikel
Temple:   regret_index_temple_sphere_string

Skill      XL: |  1  2  3  4  5  6  7  8  9 |
---------------+----------------------------+-----
Maces & Flails | 3 4 5 7 8 9 |  9.5
Fighting       | 4 5 6 7 |  7.4
Armour         | 4 5 6 7 |  7.3
Shields        | 4 5 6 7 |  7.3
Slings         | 1 2 3 4 5 |  5.2
Invocations    | 1 |  1.6

Action                   |  1- 3 |  4- 6 |  7- 9 || total
-------------------------+-------+-------+-------++-------
Melee: Whip              |   105 |   124 |   192 ||   421
       Flail             |     8 |       |       ||     8
       Headbutt          |    19 |    16 |    50 ||    85
 Fire: Hunting sling     |       |    13 |    42 ||    55
  Use: Scroll            |       |       |    11 ||    11
Armor: Scale mail        |    63 |    73 |    34 ||   170
       Chain mail        |       |       |    29 ||    29
Dodge: Dodged            |    25 |    42 |    27 ||    94
Block: Kite shield       |    59 |    73 |    86 ||   218

Table legend: (Time is in decaauts)
 A = Elapsed time spent in this place.
 B = Non-inter-level travel time spent in this place.
 C = Inter-level travel time spent in this place.
 D = Time resting spent in this place.
 E = Time spent auto-exploring this place.
 F = Levels seen in this place.
 G = Mean time per level.
                   A        B        C        D        E       F      G
               +--------+--------+--------+--------+--------+-----+--------+
         Total |   7269 |   7033 |    236 |    365 |   5618 |   9 |  807.7 |
       Dungeon |   6812 |   6651 |    161 |    245 |   5432 |   7 |  973.1 |
        Temple |    225 |    150 |     75 |      0 |    148 |   1 |  225.0 |
         Sewer |    231 |    231 |      0 |    120 |     38 |   1 |  231.0 |
               +--------+--------+--------+--------+--------+-----+--------+

Top non-repeatable levels by time:
     D:6: 1263 daAuts
     D:5: 1168 daAuts
     D:2: 1090 daAuts
     D:4: 997 daAuts
     D:7: 883 daAuts
     D:1: 741 daAuts
     D:3: 667 daAuts
   Sewer: 231 daAuts
  Temple: 225 daAuts
